 Dungeon Crawl Stone Soup version 0.29-a0-555-g3b24f45cc1 (webtiles) character file.

Game seed: 981388320412157729

100 bande the Chiller (level 4, -2/34 HPs)
             Began as a Gnoll Wanderer on June 7, 2022.
             Slain by Grinder (7 damage)
             ... on level 3 of the Dungeon.
             The game lasted 00:04:09 (3272 turns).

bande the Chiller (Gnoll Wanderer)                  Turns: 3272, Time: 00:04:10

Health: -2/34      AC:  4    Str: 13    XL:     4   Next: 73%
Magic:  8/8        EV: 11    Int: 12    God:
Gold:   100        SH:  0    Dex: 11    Spells: 8/9 levels left

rFire   . . .      SeeInvis .   h - +0 war axe
rCold   . . .      Faith    .   (no shield)
rNeg    . . .      Spirit   .   n - +0 troll leather armour
rPois   .          Reflect  .   (no helmet)
rElec   .          Harm     .   (no cloak)
rCorr   .          Rampage  .   (no gloves)
Will    .....                   (no boots)
Stlth   +.........              e - amulet of the acrobat
HPRegen 0.91/turn               (no ring)
MPRegen 0.11/turn               (no ring)

@: no status effects
A: fangs 1, strong nose, distributed training
a: no special abilities


You were on level 3 of the Dungeon.
You visited 1 branch of the dungeon, and saw 3 of its levels.

You collected 100 gold pieces.

Inventory:

Hand Weapons
 f - a +1 vorpal mace
 h - a +0 war axe (weapon)
Armour
 b - a +0 ring mail
 n - a +0 troll leather armour (worn)
Jewellery
 e - an amulet of the acrobat (around neck)
Scrolls
 c - 2 scrolls of fear
 l - a scroll of teleportation
 m - a scroll of amnesia
Potions
 a - a potion of berserk rage
 d - a potion of mutation {unknown}
 g - a potion of heal wounds


   Skills:
 + Level 2.8 Fighting
 + Level 1.2 Short Blades
 + Level 1.2 Long Blades
 + Level 1.2 Axes
 + Level 1.2 Maces & Flails
 + Level 1.2 Polearms
 + Level 1.2 Staves
 + Level 1.2 Slings
 + Level 1.2 Bows
 + Level 1.2 Crossbows
 + Level 1.2 Throwing
 + Level 2.8 Armour
 + Level 1.2 Dodging
 + Level 1.2 Stealth
 + Level 1.2 Shields
 + Level 6.6 Unarmed Combat
 + Level 3.0 Spellcasting
 + Level 1.0 Conjurations
 + Level 1.0 Hexes
 + Level 1.0 Summonings
 + Level 1.0 Necromancy
 + Level 1.0 Translocations
 + Level 1.0 Transmutations
 + Level 1.0 Fire Magic
 + Level 7.1 Ice Magic
 + Level 1.0 Air Magic
 + Level 1.0 Earth Magic
 + Level 1.0 Poison Magic
 + Level 1.3 Invocations
 + Level 1.2 Evocations


You had 8 spell levels left.
You knew the following spells:

 Your Spells              Type           Power      Damage    Failure   Level
a - Freeze                Ice            76%        1d9       1%          1

Your spell library contained the following spells:

 Spells                   Type           Power      Damage    Failure   Level
 Ozocubu's Armour         Ice            19%        N/A       4%          3
 Ensorcelled Hibernation  Hex/Ice        22%        N/A       9%          2


Dungeon Overview and Level Annotations

Branches:
Dungeon (3/15)

Altars:
Fedhas

Annotations:
D:3 Grinder


Innate Abilities, Weirdness & Mutations

You have very sharp teeth.
Your uncanny sense of smell can sniff out nearby items.
Your experience applies equally to all skills.


Message History

You hit Grinder.
Grinder is heavily wounded.
Grinder says, "Mostly I couldn't keep them alive."
Grinder hits you but does no damage. Grinder closely misses you.
You hit Grinder.
Grinder is heavily wounded.
Grinder hits you.
You writhe in agony.
You closely miss Grinder.
Grinder is heavily wounded.
Grinder gestures at you. Pain shoots through your body!
Grinder says, "You look like you could use a good racking."
Grinder closely misses you.
You closely miss Grinder.
Grinder is heavily wounded.
Grinder barely misses you.
You hit Grinder. You bite Grinder, but do no damage.
Grinder is severely wounded.
Grinder hits you! Grinder closely misses you.
You are too injured to fight recklessly!
You are too injured to fight recklessly!
You are too injured to fight recklessly!
You are too injured to fight recklessly!
You are too injured to fight recklessly!
You are too injured to fight recklessly!
You are too injured to fight recklessly!
You are too injured to fight recklessly!
You are too injured to fight recklessly!
Unknown command.
You barely miss Grinder. Your punch misses Grinder. You bite Grinder.
Grinder is severely wounded.
Grinder barely misses you.
You closely miss Grinder. Your bite misses Grinder.
Grinder is severely wounded.
You hear the slow rusting of a distant drain.
Grinder gestures at you. Pain shoots through your body!
* * * LOW HITPOINT WARNING * * *
Grinder hits you!
You die...

∆ ....# ...##
..$.# ...#
...## #...#
#5..##
#######@...#
...........##
#######.....#
#.....#
#...._#
#.....#
##....#
#...## ##...#


You could see Grinder.

Vanquished Creatures
  2 adders (D:2)
  A worm (D:2)
  A dart slug (D:1)
  4 ball pythons
  3 bats
  7 endoplasms
  17 giant cockroaches
  4 goblins
  4 hobgoblins (D:1)
  4 jackals (D:2)
  3 quokkas (D:1)
  7 frilled lizards
  6 kobolds
  3 rats
66 creatures vanquished.

Notes
Turn   | Place    | Note
-------+----------+-------------------------------------------
     0 | D:1      | bande the Gnoll Wanderer began the quest for the Orb.
     0 | D:1      | bande set off with the following items: a +0 club, a +0
                  | ring mail, a scroll of fear, a potion of attraction; and
                  | the following spell memorised: Freeze; and the following
                  | spells available to memorise: Ozocubu's Armour, Ensorcelled
                  | Hibernation
     0 | D:1      | Reached XP level 1. HP: 17/17 MP: 4/4
   146 | D:1      | Reached XP level 2. HP: 2/23 MP: 5/5
   785 | D:1      | HP: 1/23 [endoplasm (1)]
  1199 | D:1      | Reached XP level 3. HP: 14/28 MP: 7/7
  1907 | D:2      | Reached skill level 1 in Invocations
  2409 | D:2      | Reached skill level 1 in Short Blades
  2409 | D:2      | Reached skill level 1 in Long Blades
  2409 | D:2      | Reached skill level 1 in Axes
  2409 | D:2      | Reached skill level 1 in Maces & Flails
  2409 | D:2      | Reached skill level 1 in Polearms
  2409 | D:2      | Reached skill level 1 in Staves
  2409 | D:2      | Reached skill level 1 in Slings
  2409 | D:2      | Reached skill level 1 in Bows
  2409 | D:2      | Reached skill level 1 in Crossbows
  2409 | D:2      | Reached skill level 1 in Throwing
  2409 | D:2      | Reached skill level 1 in Dodging
  2409 | D:2      | Reached skill level 1 in Stealth
  2409 | D:2      | Reached skill level 1 in Shields
  2409 | D:2      | Reached skill level 1 in Evocations
  2736 | D:2      | Found a blossoming altar of Fedhas.
  2748 | D:2      | Reached XP level 4. HP: 34/34 MP: 8/8
  3005 | D:2      | Reached skill level 1 in Conjurations
  3005 | D:2      | Reached skill level 1 in Hexes
  3005 | D:2      | Reached skill level 1 in Summonings
  3005 | D:2      | Reached skill level 1 in Necromancy
  3005 | D:2      | Reached skill level 1 in Translocations
  3005 | D:2      | Reached skill level 1 in Transmutations
  3005 | D:2      | Reached skill level 1 in Fire Magic
  3005 | D:2      | Reached skill level 1 in Air Magic
  3005 | D:2      | Reached skill level 1 in Earth Magic
  3005 | D:2      | Reached skill level 1 in Poison Magic
  3245 | D:3      | Found a faded altar of an unknown god.
  3258 | D:3      | Noticed Grinder
  3272 | D:3      | Slain by Grinder

Illustrated notes

Levels and vault maps discovered:
D:1:      ncdulo_smallfort, layout_rooms
D:2:      minmay_roachtagon, layout_loops_ring, basic_altar, minmay_lizard_pond
D:3:      layout_loops_corners, gup_sewer_entry_spiral,
          hellmonk_ecumenical_altar_zigzags, uniq_grinder

Skill      XL: |  1  2  3  4 |
---------------+-------------+-----
Invocations    | 1 |  1.3
Short Blades   | 1 |  1.2
Long Blades    | 1 |  1.2
Axes           | 1 |  1.2
Maces & Flails | 1 |  1.2
Polearms       | 1 |  1.2
Staves         | 1 |  1.2
Slings         | 1 |  1.2
Bows           | 1 |  1.2
Crossbows      | 1 |  1.2
Throwing       | 1 |  1.2
Dodging        | 1 |  1.2
Stealth        | 1 |  1.2
Shields        | 1 |  1.2
Evocations     | 1 |  1.2
Spellcasting   | 3 |  3.0
Conjurations   | 1 |  1.0
Hexes          | 1 |  1.0
Summonings     | 1 |  1.0
Necromancy     | 1 |  1.0
Translocations | 1 |  1.0
Transmutations | 1 |  1.0
Fire Magic     | 1 |  1.0
Air Magic      | 1 |  1.0
Earth Magic    | 1 |  1.0
Poison Magic   | 1 |  1.0
Fighting       | |  2.8
Armour         | |  2.8
Unarmed Combat | |  6.6
Ice Magic      | |  7.1

Action                   |  1- 3 |  4- 6 || total
-------------------------+-------+-------++-------
Melee: Club              |    64 |       ||    64
       Bite              |    16 |     8 ||    24
       War axe           |    84 |    63 ||   147
       Punch             |     3 |     1 ||     4
  Use: Scroll            |     6 |     1 ||     7
       Potion            |     1 |     3 ||     4
Armor: Ring mail         |    92 |    36 ||   128
       Troll leather arm |       |    10 ||    10
Dodge: Dodged            |   139 |    55 ||   194

Table legend: (Time is in decaauts)
 A = Elapsed time spent in this place.
 B = Non-inter-level travel time spent in this place.
 C = Inter-level travel time spent in this place.
 D = Time resting spent in this place.
 E = Time spent auto-exploring this place.
 F = Levels seen in this place.
 G = Mean time per level.
                   A        B        C        D        E       F      G
               +--------+--------+--------+--------+--------+-----+--------+
         Total |   3355 |   3285 |     70 |   1255 |   1499 |   3 | 1118.3 |
       Dungeon |   3355 |   3285 |     70 |   1255 |   1499 |   3 | 1118.3 |
               +--------+--------+--------+--------+--------+-----+--------+

Top non-repeatable levels by time:
     D:1: 1753 daAuts
     D:2: 1552 daAuts
     D:3: 49 daAuts
